Stars vs Hurricanes

Created - 3 novembre 2017 at 19:22

Goals
1 2 3 T
Stars 1 0 0 1
Hurricanes 1 1 1 3
Shots
1 2 3 T
Stars 4 5 5 14
Hurricanes 14 12 9 35

1st period

1. Stars , Paul Byron 5 (Zdeno Chara 5, Paul Stastny 7) at 1:08
2. Hurricanes , Brian Dumoulin 4 (Bryan Little 7, Nick Foligno 11) at 11:41 (PP)

Penalties :
Lee Stempniak (CAR) for Goalie Interference (Minor) at 6:57, Brandon Manning (DAL) for Interference (Minor) at 10:42

2nd period

3. Hurricanes , Michael Frolik 6 (Nick Foligno 12, Bryan Little 8) at 13:16

Penalties :
Brad Richardson (CAR) for Roughing (Minor) at 2:11, Derek Ryan (CAR) for Holding (Minor) at 8:39, Jonathan Huberdeau (DAL) for Hooking (Minor) at 14:25

3rd period

4. Hurricanes , Derek Ryan 1 (Dustin Byfuglien 7, Tom Pyatt 1) at 19:51

Penalties :
Dustin Byfuglien (CAR) for Tripping (Minor) at 2:42, Tommy Wingels (DAL) for Holding (Minor) at 17:26

Goalie Stats

Jonas Gustavsson (DAL), 32 saves from 35 shots - (0.914), L, 1-2-0, 60:00 minutes
Frederik Andersen (CAR), 13 saves from 14 shots - (0.929), W, 8-6-0, 60:00 minutes

Players Stats for Stars

Player Name              G  A  P  +/- PIM S  H  SB GA TA FO     MP     PP MP  PK MP  
------------------------------------------------------------------------------------
Brandon Manning          0  0  0  -1  2   0  3  0  0  0  0/0    13:13   0:00   0:00 
Devin Shore              0  0  0   0  0   1  0  1  0  0  4/12   12:16   0:00   1:05 
Duncan Keith             0  0  0   0  0   0  2  1  0  0  0/0    24:41   3:41   2:30 
Jakub Voracek            0  0  0  -2  0   1  4  0  0  0  0/0    20:57   5:03   0:00 
Jason Demers             0  0  0  -1  0   0  4  1  0  0  0/0    18:36   4:15   2:27 
Joel Vermin              0  0  0   0  0   0  0  0  0  0  0/0     7:03   0:00   0:00 
John Klingberg           0  0  0   0  0   1  1  2  0  0  0/0    19:38   4:15   0:00 
John Mitchell            0  0  0   0  0   1  0  0  0  0  3/6     7:03   0:00   0:00 
Jonathan Huberdeau       0  0  0  -1  2   2  0  0  0  0  1/2    21:15   5:03   0:45 
Michael Bournival        0  0  0   0  0   0  0  0  0  0  0/1    11:11   0:00   0:00 
Paul Byron               1  0  1   1  0   1  0  0  0  0  0/0    18:42   2:53   2:50 
Paul Stastny             0  1  1   1  0   2  1  0  0  0  16/26  19:17   2:53   3:25 
Sidney Crosby            0  0  0  -2  0   0  2  0  0  0  9/26   20:57   5:03   0:00 
Tommy Wingels            0  0  0   0  2   1  3  0  0  0  0/1    11:28   0:00   0:18 
Tyler Gaudet             0  0  0   0  0   0  0  0  0  0  1/1     8:33   0:00   1:30 
Victor Hedman            0  0  0  -1  0   2  2  2  0  0  0/0    25:04   3:41   2:27 
William Nylander         0  0  0   0  0   1  0  1  0  0  0/1    16:19   2:53   0:01 
Zdeno Chara              0  1  1   1  0   1  4  1  0  0  0/0    18:47   0:00   2:30 

Players Stats for Hurricanes

Player Name              G  A  P  +/- PIM S  H  SB GA TA FO     MP     PP MP  PK MP  
------------------------------------------------------------------------------------
Alex Chiasson            0  0  0   0  0   3  1  0  0  0  1/2    13:11   0:00   0:19 
Brad Richardson          0  0  0   0  2   5  2  0  0  0  1/1    12:51   0:00   0:00 
Brett Pesce              0  0  0  -1  0   0  0  1  0  0  0/0    20:40   2:33   3:00 
Brian Dumoulin           1  0  1  -1  0   2  0  2  0  0  0/0    20:43   2:33   3:03 
Brian Strait             0  0  0   0  0   0  0  0  0  0  0/0    14:47   0:00   1:33 
Bryan Little             0  2  2   1  0   1  0  1  0  0  17/31  24:15   2:45   4:10 
Carl Hagelin             0  0  0   1  0   0  0  0  0  0  0/0     2:11   0:00   1:45 
Derek Ryan               1  0  1   1  2   1  1  0  0  0  12/18  14:08   0:00   0:51 
Dustin Byfuglien         0  1  1   2  2   4  1  0  0  0  0/0    24:57   2:24   3:48 
Keith Yandle             0  0  0   1  0   1  0  0  0  0  0/0    25:12   2:24   4:28 
Lee Stempniak            0  0  0  -1  2   3  0  0  0  0  1/1    18:40   2:12   0:00 
Leo Komarov              0  0  0  -1  0   3  3  0  0  0  9/19   21:17   2:12   2:36 
Marcus Foligno           0  0  0   0  0   0  0  0  0  0  1/1     3:34   0:00   0:00 
Michael Frolik           1  0  1   1  0   6  0  1  0  0  0/1    16:31   2:45   0:00 
Nick Foligno             0  2  2   1  0   5  1  0  0  0  0/2    24:15   2:45   4:10 
Patrick Wiercioch        0  0  0   1  0   0  0  0  0  0  0/0    13:40   0:00   0:00 
Tom Pyatt                0  1  1   1  0   0  0  0  0  0  0/0     0:26   0:00   0:00 
Zach Parise              0  0  0  -1  0   1  0  0  0  0  0/0    20:42   2:12   2:01 

3 Stars

1 - Nick Foligno (CAR)
2 - Bryan Little (CAR)
3 - Zdeno Chara (DAL)

Power Play

Stars - 0 on 4 Attempt(s) - 0.00%
Hurricanes - 1 on 3 Attempt(s) - 33.33%

Penalty Kill

Stars - 2 on 3 Attempt(s) - 66.67% - Score 0 goal in Penalty Kill
Hurricanes - 4 on 4 Attempt(s) - 100.00% - Score 0 goal in Penalty Kill

Team Stat

Stars - Hits : 26 - Faceoff Wins : 34 - Blocked Shots : 9 - Penalty Minutes : 6
Hurricanes - Hits : 9 - Faceoff Wins : 42 - Blocked Shots : 5 - Penalty Minutes : 8

Official

Referees : Frederick L'Ecuyer and Justin StPierre
Linesman : Brian Mach and Greg Devorski

Game Notes

No Game Note

Finance

Level 1 -- Attendance: 5410 (90.17%) -- Ticket Income 638 380 $
Level 2 -- Attendance: 5000 (100.00%) -- Ticket Income 375 000 $
Level 3 -- Attendance: 3282 (93.77%) -- Ticket Income 157 536 $
Level 4 -- Attendance: 2682 (84.34%) -- Ticket Income 80 460 $
Luxury Box -- Attendance: 1000 (100.00%) -- Ticket Income 211 000 $
Game was played at the PNC Arena.
Total Attendance: 17374 (93.01%)
Total Ticket Income: 1 462 376 $
Other Income: 219 356 $
Total Income: 1 681 732 $

% Time on Ice - Stars

Lines # - Real PCT - Wanted PCT - Time Play
Normal Forward
1 - 33% - 40% - 15:28
2 - 28% - 30% - 12:59
3 - 24% - 20% - 11:11
4 - 15% - 10% - 7:03
Normal Defense
1 - 38% - 40% - 17:49
2 - 35% - 30% - 16:17
3 - 25% - 20% - 11:54
4 - 1% - 10% - 0:41
PP Forward
1 - 64% - 60% - 5:03
2 - 36% - 40% - 2:53
PP Defense
1 - 46% - 60% - 3:41
2 - 54% - 40% - 4:15
PK Forward
1 - 82% - 60% - 4:05
2 - 18% - 40% - 0:52
PK Defense
1 - 51% - 60% - 2:30
2 - 49% - 40% - 2:27
PK3 Forward
1 - 0% - 60%
2 - 0% - 40%
PK3 Defense
1 - 0% - 60%
2 - 0% - 40%
44 Forward
1 - 0% - 60%
2 - 0% - 40%
44 Defense
1 - 0% - 60%
2 - 0% - 40%
Last Minute Offensive  - 0:26
Last Minute Defensive  - 0:00
Total
Forward - 60:00
Defense - 60:00

% Time on Ice - Hurricanes

Lines # - Real PCT - Wanted PCT - Time Play
Normal Forward
1 - 29% - 40% - 13:46
2 - 35% - 30% - 16:29
3 - 28% - 20% - 12:52
4 - 8% - 10% - 3:34
Normal Defense
1 - 36% - 40% - 16:47
2 - 32% - 30% - 15:07
3 - 28% - 20% - 13:14
4 - 3% - 10% - 1:33
PP Forward
1 - 56% - 60% - 2:45
2 - 44% - 40% - 2:12
PP Defense
1 - 48% - 60% - 2:24
2 - 52% - 40% - 2:33
PK Forward
1 - 75% - 60% - 5:55
2 - 25% - 40% - 2:01
PK Defense
1 - 65% - 60% - 5:11
2 - 35% - 40% - 2:45
PK3 Forward
1 - 0% - 60%
2 - 0% - 40%
PK3 Defense
1 - 0% - 60%
2 - 0% - 40%
44 Forward
1 - 0% - 60%
2 - 0% - 40%
44 Defense
1 - 0% - 60%
2 - 0% - 40%
Last Minute Offensive  - 0:00
Last Minute Defensive  - 0:26
Total
Forward - 60:00
Defense - 60:00

Play by Play

1st period


0:01 of 1st period - Sidney Crosby wins face-off versus Nick Foligno in neutral zone.
0:28 of 1st period - Shot by Jakub Voracek.
0:28 of 1st period - Shot Blocked by Bryan Little.
1:04 of 1st period - Shot by Paul Stastny.
1:04 of 1st period - Shot Misses the Net.
1:06 of 1st period - Shot by Zdeno Chara.
1:06 of 1st period - Shot Blocked by Brian Dumoulin.
1:08 of 1st period - Shot by Paul Byron.
1:08 of 1st period - Goal by Paul Byron - Stars : 1 - Hurricanes : 0.
1:09 of 1st period - Derek Ryan wins face-off versus Devin Shore in neutral zone.
1:29 of 1st period - Off-side.
1:30 of 1st period - Leo Komarov wins face-off versus William Nylander in neutral zone.
1:52 of 1st period - Shot by Leo Komarov.
1:52 of 1st period - Stopped by Jonas Gustavsson with a rebound.
1:54 of 1st period - Shot by Brian Dumoulin.
1:54 of 1st period - Stopped by Jonas Gustavsson with a rebound.
1:56 of 1st period - Shot by Zach Parise.
1:56 of 1st period - Shot Misses the Net.
2:54 of 1st period - Shot by Bryan Little.
2:54 of 1st period - Deflect By Nick Foligno.
2:54 of 1st period - Stopped by Jonas Gustavsson with a rebound.
3:17 of 1st period - Off-side.
3:18 of 1st period - Leo Komarov wins face-off versus John Mitchell in neutral zone.
4:19 of 1st period - Icing by Brandon Manning.
4:20 of 1st period - Bryan Little wins face-off versus Sidney Crosby in Stars zone.
4:45 of 1st period - Shot by Jonathan Huberdeau.
4:45 of 1st period - Shot Blocked by Michael Frolik.
5:21 of 1st period - Shot by Brad Richardson.
5:21 of 1st period - Stopped by Jonas Gustavsson without a rebound.
5:22 of 1st period - Derek Ryan wins face-off versus Devin Shore in Stars zone.
6:04 of 1st period - Victor Hedman is hit by Dustin Byfuglien and loses puck.
6:45 of 1st period - Shot by Leo Komarov.
6:45 of 1st period - Deflect By Lee Stempniak.
6:45 of 1st period - Stopped by Jonas Gustavsson without a rebound.
6:46 of 1st period - Paul Stastny wins face-off versus Leo Komarov in Stars zone.
6:46 of 1st period - Paul Stastny is hit by Leo Komarov.
6:57 of 1st period - Minor Penalty to Lee Stempniak for Goalie Interference.
6:58 of 1st period - Sidney Crosby wins face-off versus Bryan Little in Hurricanes zone.
7:07 of 1st period - Shot by John Klingberg.
7:07 of 1st period - Stopped by Frederik Andersen without a rebound.
7:08 of 1st period - Paul Stastny wins face-off versus Bryan Little in Hurricanes zone.
7:13 of 1st period - Shot by Paul Stastny.
7:13 of 1st period - Shot Hit the Post.
7:15 of 1st period - Shot by Paul Stastny.
7:15 of 1st period - Shot Misses the Net.
9:08 of 1st period - Shot by Brad Richardson.
9:08 of 1st period - Stopped by Jonas Gustavsson with a rebound.
9:17 of 1st period - Alex Chiasson is hit by Duncan Keith and loses puck.
9:22 of 1st period - Shot by Alex Chiasson.
9:22 of 1st period - Stopped by Jonas Gustavsson without a rebound.
9:23 of 1st period - John Mitchell wins face-off versus Leo Komarov in Stars zone.
9:25 of 1st period - Icing by Zdeno Chara.
9:26 of 1st period - Tyler Gaudet wins face-off versus Leo Komarov in Stars zone.
9:44 of 1st period - Brandon Manning is hit by Leo Komarov and loses puck.
10:00 of 1st period - Zach Parise is hit by Zdeno Chara and loses puck.
10:16 of 1st period - Nick Foligno is hit by Brandon Manning and loses puck.
10:30 of 1st period - Michael Frolik is hit by Zdeno Chara and loses puck.
10:42 of 1st period - Minor Penalty to Brandon Manning for Interference.
10:43 of 1st period - Paul Stastny wins face-off versus Leo Komarov in Stars zone.
10:59 of 1st period - Shot by Keith Yandle.
10:59 of 1st period - Shot Hit the Post.
11:01 of 1st period - Shot by Dustin Byfuglien.
11:01 of 1st period - Stopped by Jonas Gustavsson without a rebound.
11:02 of 1st period - Bryan Little wins face-off versus Paul Stastny in Stars zone.
11:11 of 1st period - Shot by Bryan Little.
11:11 of 1st period - Stopped by Jonas Gustavsson without a rebound.
11:12 of 1st period - Paul Stastny wins face-off versus Bryan Little in Stars zone.
11:37 of 1st period - Shot by Bryan Little.
11:37 of 1st period - Shot Misses the Net.
11:39 of 1st period - Shot by Brian Dumoulin.
11:39 of 1st period - Deflect By Bryan Little.
11:39 of 1st period - Shot Misses the Net.
11:41 of 1st period - Shot by Brian Dumoulin.
11:41 of 1st period - Goal by Brian Dumoulin - Stars : 1 - Hurricanes : 1.
11:42 of 1st period - Derek Ryan wins face-off versus Sidney Crosby in neutral zone.
11:54 of 1st period - Victor Hedman is hit by Brad Richardson and loses puck.
12:38 of 1st period - Icing by Jason Demers.
12:39 of 1st period - Devin Shore wins face-off versus Leo Komarov in Stars zone.
12:52 of 1st period - Shot by Leo Komarov.
12:52 of 1st period - Stopped by Jonas Gustavsson without a rebound.
12:53 of 1st period - Paul Stastny wins face-off versus Nick Foligno in Stars zone.
13:18 of 1st period - Shot by William Nylander.
13:18 of 1st period - Shot Misses the Net.
13:20 of 1st period - Shot by Zdeno Chara.
13:20 of 1st period - Stopped by Frederik Andersen with a rebound.
14:12 of 1st period - Shot by Leo Komarov.
14:12 of 1st period - Shot Misses the Net.
14:14 of 1st period - Shot by Leo Komarov.
14:14 of 1st period - Shot Blocked by Victor Hedman.
14:16 of 1st period - Shot by Lee Stempniak.
14:16 of 1st period - Stopped by Jonas Gustavsson without a rebound.
14:17 of 1st period - Derek Ryan wins face-off versus Sidney Crosby in Stars zone.
14:28 of 1st period - Shot by Dustin Byfuglien.
14:28 of 1st period - Stopped by Jonas Gustavsson without a rebound.
14:29 of 1st period - Derek Ryan wins face-off versus John Mitchell in Stars zone.
14:29 of 1st period - Derek Ryan is hit by John Klingberg.
14:41 of 1st period - Shot by Brad Richardson.
14:41 of 1st period - Shot Misses the Net.
14:55 of 1st period - Shot by Joel Vermin.
14:55 of 1st period - Deflect By John Mitchell.
14:55 of 1st period - Stopped by Frederik Andersen without a rebound.
14:56 of 1st period - Bryan Little wins face-off versus Sidney Crosby in Hurricanes zone.
15:06 of 1st period - Icing by Jakub Voracek.
15:07 of 1st period - Leo Komarov wins face-off versus Sidney Crosby in Stars zone.
15:08 of 1st period - Shot by Zach Parise.
15:08 of 1st period - Stopped by Jonas Gustavsson without a rebound.
15:09 of 1st period - Bryan Little wins face-off versus Sidney Crosby in Stars zone.
15:09 of 1st period - Bryan Little is hit by Victor Hedman.
15:30 of 1st period - Icing by Jakub Voracek.
15:31 of 1st period - Leo Komarov wins face-off versus Sidney Crosby in Stars zone.
15:49 of 1st period - Shot by Jakub Voracek.
15:49 of 1st period - Shot Misses the Net.
16:32 of 1st period - Off-side.
16:33 of 1st period - Derek Ryan wins face-off versus Devin Shore in neutral zone.
16:33 of 1st period - Derek Ryan is hit by Tommy Wingels.
16:48 of 1st period - Brad Richardson is hit by Zdeno Chara and loses puck.
18:48 of 1st period - Icing by Victor Hedman.
18:49 of 1st period - John Mitchell wins face-off versus Derek Ryan in Stars zone.
19:57 of 1st period - Icing by Keith Yandle.
19:58 of 1st period - Bryan Little wins face-off versus Devin Shore in Hurricanes zone.
19:58 of 1st period - Bryan Little is hit by Tommy Wingels.
Goals for this period are 1 for Stars vs 1 for Hurricanes.
Shots for this period are 4 for Stars vs 14 for Hurricanes.

2nd period


0:01 of 2nd period - Sidney Crosby wins face-off versus Michael Frolik in neutral zone.
0:32 of 2nd period - Shot by Nick Foligno.
0:32 of 2nd period - Stopped by Jonas Gustavsson without a rebound.
0:33 of 2nd period - Leo Komarov wins face-off versus Paul Stastny in Stars zone.
0:33 of 2nd period - Leo Komarov is hit by Brandon Manning.
0:35 of 2nd period - Shot by Zach Parise.
0:35 of 2nd period - Shot Blocked by Jason Demers.
0:40 of 2nd period - Icing by Brandon Manning.
0:41 of 2nd period - Paul Stastny wins face-off versus Leo Komarov in Stars zone.
0:43 of 2nd period - Icing by Paul Byron.
0:44 of 2nd period - Lee Stempniak wins face-off versus Paul Stastny in Stars zone.
1:25 of 2nd period - Paul Stastny is hit by Leo Komarov and loses puck.
1:54 of 2nd period - Shot by Bryan Little.
1:54 of 2nd period - Shot Misses the Net.
1:56 of 2nd period - Shot by Michael Frolik.
1:56 of 2nd period - Stopped by Jonas Gustavsson without a rebound.
1:57 of 2nd period - Derek Ryan wins face-off versus Jonathan Huberdeau in Stars zone.
1:58 of 2nd period - Shot by Brad Richardson.
1:58 of 2nd period - Stopped by Jonas Gustavsson without a rebound.
1:59 of 2nd period - Derek Ryan wins face-off versus Sidney Crosby in Stars zone.
2:01 of 2nd period - Brad Richardson is hit by Victor Hedman and loses puck.
2:07 of 2nd period - Sidney Crosby is hit by Alex Chiasson and loses puck.
2:11 of 2nd period - Minor Penalty to Brad Richardson for Roughing.
2:12 of 2nd period - Sidney Crosby wins face-off versus Bryan Little in Hurricanes zone.
2:37 of 2nd period - Shot by Duncan Keith.
2:37 of 2nd period - Shot Misses the Net.
2:39 of 2nd period - Shot by Victor Hedman.
2:39 of 2nd period - Stopped by Frederik Andersen without a rebound.
2:40 of 2nd period - Sidney Crosby wins face-off versus Bryan Little in Hurricanes zone.
3:59 of 2nd period - Shot by Paul Stastny.
3:59 of 2nd period - Shot Misses the Net.
5:21 of 2nd period - Shot by Michael Frolik.
5:21 of 2nd period - Stopped by Jonas Gustavsson with a rebound.
5:25 of 2nd period - Shot by Michael Frolik.
5:25 of 2nd period - Shot Misses the Net.
6:09 of 2nd period - Icing by Paul Byron.
6:10 of 2nd period - Paul Stastny wins face-off versus Bryan Little in Stars zone.
6:26 of 2nd period - Icing by Bryan Little.
6:27 of 2nd period - Bryan Little wins face-off versus Sidney Crosby in Hurricanes zone.
6:27 of 2nd period - Dustin Byfuglien is hit by Sidney Crosby and loses puck.
6:49 of 2nd period - Keith Yandle is hit by Zdeno Chara.
8:10 of 2nd period - Zach Parise is hit by Paul Stastny and loses puck.
8:39 of 2nd period - Minor Penalty to Derek Ryan for Holding.
8:40 of 2nd period - Sidney Crosby wins face-off versus Bryan Little in Hurricanes zone.
9:07 of 2nd period - Shot by Jonathan Huberdeau.
9:07 of 2nd period - Stopped by Frederik Andersen without a rebound.
9:08 of 2nd period - Paul Stastny wins face-off versus Bryan Little in Hurricanes zone.
9:47 of 2nd period - Keith Yandle is hit by Jakub Voracek and loses puck.
10:08 of 2nd period - Shot by Victor Hedman.
10:08 of 2nd period - Shot Blocked by Brian Dumoulin.
10:10 of 2nd period - Shot by Victor Hedman.
10:10 of 2nd period - Stopped by Frederik Andersen without a rebound.
10:11 of 2nd period - Alex Chiasson wins face-off versus Sidney Crosby in Hurricanes zone.
10:24 of 2nd period - Shot by Alex Chiasson.
10:24 of 2nd period - Shot Blocked by John Klingberg.
10:29 of 2nd period - Icing by Jason Demers.
10:30 of 2nd period - Bryan Little wins face-off versus Sidney Crosby in Stars zone.
10:41 of 2nd period - Shot by Brad Richardson.
10:41 of 2nd period - Stopped by Jonas Gustavsson with a rebound.
10:43 of 2nd period - Shot by Brad Richardson.
10:43 of 2nd period - Stopped by Jonas Gustavsson without a rebound.
10:44 of 2nd period - Derek Ryan wins face-off versus Michael Bournival in Stars zone.
10:55 of 2nd period - Shot by Alex Chiasson.
10:55 of 2nd period - Stopped by Jonas Gustavsson without a rebound.
10:56 of 2nd period - Paul Stastny wins face-off versus Leo Komarov in Stars zone.
11:05 of 2nd period - Shot by Leo Komarov.
11:05 of 2nd period - Shot Misses the Net.
11:30 of 2nd period - Shot by Paul Stastny.
11:30 of 2nd period - Shot Misses the Net.
12:11 of 2nd period - Shot by Devin Shore.
12:11 of 2nd period - Stopped by Frederik Andersen with a rebound.
12:37 of 2nd period - Icing by Jason Demers.
12:38 of 2nd period - Sidney Crosby wins face-off versus Bryan Little in Stars zone.
12:58 of 2nd period - Shot by Michael Frolik.
12:58 of 2nd period - Shot Misses the Net.
13:14 of 2nd period - Shot by Nick Foligno.
13:14 of 2nd period - Shot Misses the Net.
13:16 of 2nd period - Shot by Michael Frolik.
13:16 of 2nd period - Goal by Michael Frolik - Stars : 1 - Hurricanes : 2.
13:17 of 2nd period - Brad Richardson wins face-off versus Paul Stastny in neutral zone.
13:32 of 2nd period - Shot by Alex Chiasson.
13:32 of 2nd period - Shot Blocked by John Klingberg.
13:38 of 2nd period - Shot by William Nylander.
13:38 of 2nd period - Stopped by Frederik Andersen without a rebound.
13:39 of 2nd period - Bryan Little wins face-off versus John Mitchell in Hurricanes zone.
14:22 of 2nd period - Icing by Dustin Byfuglien.
14:23 of 2nd period - Marcus Foligno wins face-off versus Sidney Crosby in Hurricanes zone.
14:25 of 2nd period - Minor Penalty to Jonathan Huberdeau for Hooking.
14:26 of 2nd period - Paul Stastny wins face-off versus Leo Komarov in Stars zone.
15:38 of 2nd period - Shot by Dustin Byfuglien.
15:38 of 2nd period - Stopped by Jonas Gustavsson without a rebound.
15:39 of 2nd period - Bryan Little wins face-off versus Paul Stastny in Stars zone.
15:40 of 2nd period - Shot by Michael Frolik.
15:40 of 2nd period - Stopped by Jonas Gustavsson with a rebound.
16:08 of 2nd period - Shot by Dustin Byfuglien.
16:08 of 2nd period - Stopped by Jonas Gustavsson without a rebound.
16:09 of 2nd period - Leo Komarov wins face-off versus Devin Shore in Stars zone.
16:20 of 2nd period - Shot by Brett Pesce.
16:20 of 2nd period - Shot Blocked by Devin Shore.
16:47 of 2nd period - Icing by Patrick Wiercioch.
16:48 of 2nd period - Devin Shore wins face-off versus Derek Ryan in Hurricanes zone.
17:12 of 2nd period - Off-side.
17:13 of 2nd period - Jonathan Huberdeau wins face-off versus Leo Komarov in neutral zone.
17:35 of 2nd period - Zach Parise is hit by Duncan Keith and loses puck.
18:00 of 2nd period - Off-side.
18:01 of 2nd period - Bryan Little wins face-off versus Paul Stastny in neutral zone.
18:06 of 2nd period - Shot by Nick Foligno.
18:06 of 2nd period - Stopped by Jonas Gustavsson with a rebound.
18:38 of 2nd period - Shot by Paul Byron.
18:38 of 2nd period - Shot Misses the Net.
Goals for this period are 0 for Stars vs 1 for Hurricanes.
Shots for this period are 5 for Stars vs 12 for Hurricanes.

3rd period


0:01 of 3rd period - Bryan Little wins face-off versus Sidney Crosby in neutral zone.
0:01 of 3rd period - Bryan Little is hit by Jakub Voracek.
0:09 of 3rd period - Shot by Nick Foligno.
0:09 of 3rd period - Shot Misses the Net.
0:29 of 3rd period - Shot by Bryan Little.
0:29 of 3rd period - Shot Misses the Net.
0:35 of 3rd period - Michael Frolik is hit by Jakub Voracek and loses puck.
1:33 of 3rd period - Icing by Zdeno Chara.
1:34 of 3rd period - Paul Stastny wins face-off versus Derek Ryan in Stars zone.
1:34 of 3rd period - Paul Stastny is hit by Derek Ryan.
1:56 of 3rd period - Shot by Devin Shore.
1:56 of 3rd period - Shot Misses the Net.
1:58 of 3rd period - Shot by Tommy Wingels.
1:58 of 3rd period - Stopped by Frederik Andersen without a rebound.
1:59 of 3rd period - Leo Komarov wins face-off versus Sidney Crosby in Hurricanes zone.
2:32 of 3rd period - Shot by Sidney Crosby.
2:32 of 3rd period - Shot Misses the Net.
2:37 of 3rd period - Off-side.
2:38 of 3rd period - Devin Shore wins face-off versus Bryan Little in neutral zone.
2:38 of 3rd period - Brandon Manning is hit by Nick Foligno and loses puck.
2:42 of 3rd period - Minor Penalty to Dustin Byfuglien for Tripping.
2:43 of 3rd period - Paul Stastny wins face-off versus Bryan Little in Hurricanes zone.
3:59 of 3rd period - Shot by Zach Parise.
3:59 of 3rd period - Shot Misses the Net.
4:08 of 3rd period - Icing by Jakub Voracek.
4:09 of 3rd period - Sidney Crosby wins face-off versus Bryan Little in Stars zone.
4:42 of 3rd period - Shot by Paul Stastny.
4:42 of 3rd period - Stopped by Frederik Andersen without a rebound.
4:43 of 3rd period - Derek Ryan wins face-off versus Tommy Wingels in Hurricanes zone.
4:43 of 3rd period - Derek Ryan is hit by Tommy Wingels.
7:02 of 3rd period - Icing by Keith Yandle.
7:03 of 3rd period - Derek Ryan wins face-off versus Paul Stastny in Hurricanes zone.
7:16 of 3rd period - Shot by William Nylander.
7:16 of 3rd period - Shot Misses the Net.
7:48 of 3rd period - Shot by Leo Komarov.
7:48 of 3rd period - Stopped by Jonas Gustavsson without a rebound.
7:49 of 3rd period - Bryan Little wins face-off versus Sidney Crosby in Stars zone.
8:12 of 3rd period - Shot by Michael Frolik.
8:12 of 3rd period - Stopped by Jonas Gustavsson without a rebound.
8:13 of 3rd period - John Mitchell wins face-off versus Leo Komarov in Stars zone.
8:30 of 3rd period - Shot by Lee Stempniak.
8:30 of 3rd period - Shot Blocked by Duncan Keith.
9:20 of 3rd period - Shot by Jonathan Huberdeau.
9:20 of 3rd period - Stopped by Frederik Andersen with a rebound.
9:24 of 3rd period - Shot by Jonathan Huberdeau.
9:24 of 3rd period - Deflect By Jakub Voracek.
9:24 of 3rd period - Stopped by Frederik Andersen without a rebound.
9:25 of 3rd period - Paul Stastny wins face-off versus Derek Ryan in Hurricanes zone.
9:28 of 3rd period - Shot by Paul Byron.
9:28 of 3rd period - Shot Misses the Net.
9:30 of 3rd period - Shot by Paul Stastny.
9:30 of 3rd period - Stopped by Frederik Andersen without a rebound.
9:31 of 3rd period - Paul Stastny wins face-off versus Derek Ryan in Hurricanes zone.
9:42 of 3rd period - Shot by Brad Richardson.
9:42 of 3rd period - Shot Blocked by Zdeno Chara.
9:44 of 3rd period - Shot by Alex Chiasson.
9:44 of 3rd period - Stopped by Jonas Gustavsson without a rebound.
9:45 of 3rd period - Bryan Little wins face-off versus Sidney Crosby in Stars zone.
9:46 of 3rd period - Shot by Michael Frolik.
9:46 of 3rd period - Shot Misses the Net.
9:48 of 3rd period - Shot by Bryan Little.
9:48 of 3rd period - Deflect By Nick Foligno.
9:48 of 3rd period - Shot Misses the Net.
9:52 of 3rd period - Shot by Michael Frolik.
9:52 of 3rd period - Shot Misses the Net.
10:06 of 3rd period - Shot by Jonathan Huberdeau.
10:06 of 3rd period - Shot Misses the Net.
10:22 of 3rd period - Shot by Nick Foligno.
10:22 of 3rd period - Stopped by Jonas Gustavsson with a rebound.
10:24 of 3rd period - Shot by Nick Foligno.
10:24 of 3rd period - Stopped by Jonas Gustavsson with a rebound.
10:44 of 3rd period - Shot by Lee Stempniak.
10:44 of 3rd period - Stopped by Jonas Gustavsson without a rebound.
10:45 of 3rd period - Paul Stastny wins face-off versus Alex Chiasson in Stars zone.
11:01 of 3rd period - Icing by Zdeno Chara.
11:02 of 3rd period - Leo Komarov wins face-off versus Paul Stastny in Stars zone.
11:10 of 3rd period - Off-side.
11:11 of 3rd period - Bryan Little wins face-off versus Devin Shore in neutral zone.
11:17 of 3rd period - Icing by Brandon Manning.
11:18 of 3rd period - Bryan Little wins face-off versus Devin Shore in Stars zone.
11:22 of 3rd period - Icing by Jason Demers.
11:23 of 3rd period - Bryan Little wins face-off versus Devin Shore in Stars zone.
11:53 of 3rd period - Dustin Byfuglien is hit by Brandon Manning and loses puck.
11:59 of 3rd period - Off-side.
12:00 of 3rd period - Leo Komarov wins face-off versus Sidney Crosby in neutral zone.
12:00 of 3rd period - Zach Parise is hit by Sidney Crosby and loses puck.
12:13 of 3rd period - Shot by Zach Parise.
12:13 of 3rd period - Shot Blocked by Victor Hedman.
13:05 of 3rd period - Shot by Brad Richardson.
13:05 of 3rd period - Shot Blocked by William Nylander.
13:37 of 3rd period - Zdeno Chara is hit by Brad Richardson and loses puck.
14:08 of 3rd period - Icing by Michael Frolik.
14:09 of 3rd period - Devin Shore wins face-off versus Bryan Little in Hurricanes zone.
14:23 of 3rd period - Bryan Little is hit by Jason Demers and loses puck.
15:31 of 3rd period - Shot by Jonathan Huberdeau.
15:31 of 3rd period - Shot Blocked by Brett Pesce.
15:33 of 3rd period - Shot by Duncan Keith.
15:33 of 3rd period - Shot Misses the Net.
16:18 of 3rd period - Icing by Patrick Wiercioch.
16:19 of 3rd period - Derek Ryan wins face-off versus Paul Stastny in Hurricanes zone.
17:26 of 3rd period - Minor Penalty to Tommy Wingels for Holding.
17:27 of 3rd period - Paul Stastny wins face-off versus Bryan Little in Stars zone.
17:40 of 3rd period - Shot by Michael Frolik.
17:40 of 3rd period - Stopped by Jonas Gustavsson without a rebound.
17:41 of 3rd period - Bryan Little wins face-off versus Paul Stastny in Stars zone.
17:41 of 3rd period - Bryan Little is hit by Jason Demers.
17:48 of 3rd period - Michael Frolik is hit by Jason Demers and loses puck.
17:51 of 3rd period - Shot by Michael Frolik.
17:51 of 3rd period - Shot Misses the Net.
17:53 of 3rd period - Shot by Keith Yandle.
17:53 of 3rd period - Stopped by Jonas Gustavsson with a rebound.
17:58 of 3rd period - Nick Foligno is hit by Jason Demers and loses puck.
19:49 of 3rd period - Shot by Derek Ryan.
19:49 of 3rd period - Shot Misses the Net.
19:51 of 3rd period - Shot by Derek Ryan.
19:51 of 3rd period - Goal by Derek Ryan - Stars : 1 - Hurricanes : 3.
19:52 of 3rd period - Sidney Crosby wins face-off versus Derek Ryan in neutral zone.
19:57 of 3rd period - Brian Strait is hit by Jakub Voracek.
Goals for this period are 0 for Stars vs 1 for Hurricanes.
Shots for this period are 5 for Stars vs 9 for Hurricanes.